 Dungeon Sprint DCSS version 0.31-a0-204-g7da18cac08 (webtiles) character file.

Game seed: 14593106393553976522

1577 rocky1 the Earth Mage (level 12, -30/78 HPs)
             Began as a Gargoyle Earth Elementalist on June 28, 2023.
             Was an Initiate of Gozag.
             Blown up by a sun moth (39 damage)
             ... with a bolt of energy
             ... in the Dungeon (Sprint VI: "Thunderdome").
             The game lasted 00:13:39 (1093 turns).

rocky1 the Earth Mage (Gargoyle Earth Elementalist) Turns: 1093, Time: 00:13:39

Health: -30/78     AC: 10    Str: 12    XL:     12   Next: 99%
Magic:  25/30      EV: 12    Int: 25    God:    Gozag
Gold:   1755       SH:  0    Dex: 10    Spells: 26/40 levels left

rFire   + . .        l - +2 whip (flame)
rCold   . . .        (no shield)
rNeg    + . .        i - +0 robe of the Vacuum {rF+ Int+4}
rPois   ∞            (no helmet)
rElec   +            (no cloak)
rCorr   .            (no gloves)
SInv    .            (no boots)
Will    .....        r - amulet "Emuas" {RegenMP Stlth+}
Stlth   +++          (no ring)
HPRegen 0.33/turn    (no ring)
MPRegen 0.62/turn

%: no teleportation
@: no status effects
A: sickness immunity, AC +8, negative energy resistance 1, electricity
resistance, torment resistance 1, petrification resistance
}: 1/15 runes: serpentine
a: Renounce Religion, Potion Petition, Call Merchant, Bribe Branch


You were in the Dungeon.
You worshipped Gozag.
Gozag was most pleased with you.
You visited 1 branch You collected 3678 gold pieces.
You spent 1923 gold pieces at shops.

Inventory:

Hand Weapons
 l - a +2 whip of flaming (weapon)
Missiles
 n - 8 poisoned darts
Armour
 a - a +0 robe
 i - the +0 robe of the Vacuum (worn) {rF+ Int+4}
   (You bought it in a shop in the Dungeon)

   Int:       It affects your intelligence (+4).
   rF:        It protects you from fire.
Jewellery
 j - a +6 ring of dexterity
 o - the ring "Qioba" {Drain +Blink rC+ rN+++}
   (You bought it in a shop in the Dungeon)

   [ring of protection from cold]

   rC:        It protects you from cold.
   rN:        It renders you almost immune to negative energy.
   +Blink:    It lets you blink.
   Drain:     It drains your maximum health when unequipped.
 p - the amulet "Paafofirch" {Reflect rC++ Slay+5 SH+5}
   (You bought it in a shop in the Dungeon)

   [amulet of reflection]

   It reflects blocked missile attacks.
   Slay:      It affects your accuracy & damage with ranged weapons and melee
   (+5).
   rC:        It greatly protects you from cold.
   SH:        It affects your SH (+5).
 q - the ring "Liroruts" {Drain rElec Str+6 Dex+2 SInv}
   (You bought it in a shop in the Dungeon)

   [ring of strength]

   Str:       It affects your strength (+6).
   Dex:       It affects your dexterity (+2).
   rElec:     It insulates you from electricity.
   SInv:      It lets you see invisible.
   Drain:     It drains your maximum health when unequipped.
 r - the amulet "Emuas" (around neck) {RegenMP Stlth+}
   (You bought it in a shop in the Dungeon)

   [amulet of magic regeneration]

   It increases your rate of magic regeneration.
   Stlth:     It makes you more stealthy.
Wands
 m - a wand of flame (13)
Scrolls
 g - a scroll of blinking
 k - 3 scrolls of fog
Potions
 c - a potion of curing
 e - 4 potions of haste
 f - a potion of berserk rage
 h - a potion of resistance


   Skills:
 + Level 10.4 Fighting
 + Level 2.7 Dodging
 - Level 2.1 Stealth
 * Level 14.8 Spellcasting
 + Level 9.6 Conjurations
 - Level 0.7 Transmutations
 * Level 20.5 Earth Magic
 + Level 3.7 Evocations


You had 26 spell levels left.
You knew the following spells:

 Your Spells              Type           Power      Damage    Failure   Level
a - Sandblast             Erth           100%       2d20      0%          1
b - Stone Arrow           Conj/Erth      100%       3d13      1%          3
c - Petrify               Tmut/Erth      64%        N/A       1%          4
d - Leda's Unmaking       Conj/Erth      38%        9d7       1%          6

Your spell library contained the following spells:

 Spells                   Type           Power      Damage    Failure   Level
 Passwall                 Tmut/Erth      53%        N/A       1%          2
 Leda's Liquefaction      Hex/Erth       31%        N/A       1%          4
 Iskenderun's Battlesphe  Conj           61%        2d11      1%          5
 Lee's Rapid Deconstruct  Erth           44%        3d21*     1%          5
 Spellforged Servitor     Conj/Summ      21%        N/A       98%         7
 Statue Form              Tmut/Erth      Unusable   N/A       N/A         6

Dungeon Overview and Level Annotations

Branches:
Dungeon (1/1)

Altars:
Cheibriados
Dithmenos
Fedhas
Gozag
Kikubaaqudgha
Makhleb
Okawaru
Qazlal
Ru
Sif Muna
Trog
Uskayaw
Vehumet
Wu Jian
Xom
Yredelemnul
Zin
The Shining One
Lugonu

Shops:
D *[??*?*:[((!!!!


Innate Abilities, Weirdness & Mutations

You are immune to sickness and miasma.
Your stone body is resilient. (AC +8)
You are immune to poison.
You resist negative energy. (rN+)
You are resistant to electric shocks. (rElec)
You are resistant to unholy torment.
You are immune to petrification.


Message History

The sun moth throws energy at you. The bolt of energy hits you!!
* * * LOW HITPOINT WARNING * * *
The redback bites you!
* * * LOW HITPOINT WARNING * * *
The sun moth throws sticky fire at you. The sticky flame misses you.
You feel much better. The redback misses you.
The sun moth throws sticky fire at you.
The sticky flame hits you but does no damage.
You resist.
You are covered in liquid flames!
The redback becomes momentarily stuck in the liquid earth.
Unknown command.
You don't have enough magic to cast this spell.
You don't have enough magic to cast this spell.
Unknown command.
Magic courses through your body.
You are covered in liquid flames!
The redback bites you but does no damage.
The sun moth throws energy at you. The bolt of energy hits you!!
* * * LOW HITPOINT WARNING * * *
Unknown command.
You feel much better.
You are covered in liquid flames!
You are no longer on fire.
The redback bites you!
* * * LOW HITPOINT WARNING * * *
The redback bites you.
* * * LOW HITPOINT WARNING * * *
Aiming: Leda's Unmaking (dangerous; 1% risk of failure)
Press: ? - help, Q - select action, (/) - cycle Shift-Dir - straight line, f - sun moth
Aim: a sun moth (haloed, 79% to hit)
The entropic shot hits the sun moth!!
The sun moth is moderately wounded.
The sun moth throws energy at you. The bolt of energy hits you!!!
Ouch! That really hurt!
You die...

#_......._#
###.........###
#⌠...........⌠#
######.8.........8.##
##.___......###.......
###∩........8.# #.8.....
##.....$.......###...)...
#⌠..........###...###....
#⌠......@...# #.<.# #.[..
#⌠......s$).###...###..[.
##........~....###.......
###∩......y.8.# #.8.....
##∩__.......###.......
######.8.........8.##
#⌠...........⌠#
###.........###
#_...y..._#


You could see a sun moth and a redback.

Vanquished Creatures
  A ghoul (D)
  A naga warrior (D)
  A demonic crawler (D)
  3 bog bodies (D)
  A steelbarb worm (D)
  Pikel (D)
  A jumping spider (D)
  2 redbacks (D)
  2 water moccasins (D)
  4 floating eyes (D)
  A kobold brigand (D)
  4 necrophages (D)
  4 scorpions (D)
  7 vampire bats (D)
  9 jellies (D)
  Ijyb (D)
  An endoplasm (D)
  A hobgoblin (D)
  A kobold (D)
46 creatures vanquished.

Notes
Turn   | Place    | Note
-------+----------+-------------------------------------------
     0 | D        | rocky1 the Gargoyle Earth Elementalist began the quest for
                  | the Orb.
     0 | D        | Reached XP level 1. HP: 10/10 MP: 3/3
     4 | D        | Found a hide-covered altar of Uskayaw.
     4 | D        | Found a bloodstained altar of Trog.
     5 | D        | Found an opulent altar of Gozag.
     5 | D        | Found a corrupted altar of Lugonu.
     5 | D        | Round 1.
     6 | D        | Found an iron altar of Okawaru.
     6 | D        | Found a glowing silver altar of Zin.
     7 | D        | Found a burning altar of Makhleb.
     7 | D        | Found Eteplot's Identification Station.
     8 | D        | Found Ceyrras's Jewellery.
     8 | D        | Found Ohiac's Advanced Armour.
    13 | D        | Became a worshipper of Gozag Ym Sagoz the Greedy
    19 | D        | Found a basalt altar of Yredelemnul.
    20 | D        | Found a shimmering blue altar of Sif Muna.
    21 | D        | Found a snail-covered altar of Cheibriados.
    22 | D        | Found Guajeg's Premium Goods.
    24 | D        | Found a shadowy altar of Dithmenos.
    24 | D        | Found a shimmering altar of Xom.
    24 | D        | Found Veib's Weapon Rack.
    25 | D        | Found Cozxuc's Miscellaneous Merchandise.
    25 | D        | Found Zoijacw's Basic Armour.
    31 | D        | Reached skill level 4 in Earth Magic
    32 | D        | Found a radiant altar of Vehumet.
    33 | D        | Found an ornate altar of the Wu Jian Council.
    37 | D        | Found Vumm's Do-It-Yourself Clinic.
    38 | D        | Found Abiweg's Bottled Wisdom.
    38 | D        | Found Mufyll's Distillery.
    39 | D        | Found a sacrificial altar of Ru.
    39 | D        | Found an ancient bone altar of Kikubaaqudgha.
    39 | D        | Found Posafa's Distillery.
    39 | D        | Noticed a kobold brigand
    42 | D        | Killed a kobold brigand
    43 | D        | Reached skill level 8 in Earth Magic
    43 | D        | Reached XP level 2. HP: 15/15 MP: 2/7
    43 | D        | Reached XP level 3. HP: 19/19 MP: 2/8
    43 | D        | Reached XP level 4. HP: 24/24 MP: 2/10
    47 | D        | Noticed Ijyb
    48 | D        | Found a blossoming altar of Fedhas.
    49 | D        | Noticed Pikel
    55 | D        | Killed Ijyb
    56 | D        | Reached skill level 9 in Earth Magic
    57 | D        | Killed Pikel
    57 | D        | Arena points: 12 (+12) [x2]
    58 | D        | Reached skill level 14 in Earth Magic
    58 | D        | Reached XP level 5. HP: 28/28 MP: 1/15
    58 | D        | Reached XP level 6. HP: 32/32 MP: 1/16
    58 | D        | Reached XP level 7. HP: 36/36 MP: 1/18
   130 | D        | Round 2.
   132 | D        | Found a glowing golden altar of the Shining One.
   133 | D        | Found Feschawa's Staff Store.
   135 | D        | Found a stormy altar of Qazlal.
   135 | D        | Found Hemainku's Magic Scroll Shop.
   135 | D        | Found Souskir's Must-Have Magic.
   135 | D        | Found Gorohom's Magic Scroll Shop.
   140 | D        | Reached skill level 15 in Earth Magic
   196 | D        | Learned a level 3 spell: Stone Arrow
   210 | D        | Reached skill level 16 in Earth Magic
   235 | D        | Arena points: 54 (+42) [x3]
   236 | D        | Reached XP level 8. HP: 23/42 MP: 7/21
   306 | D        | Round 3.
   311 | D        | Learned a level 4 spell: Petrify
   359 | D        | Reached skill level 17 in Earth Magic
   410 | D        | Arena points: 138 (+84) [x4]
   454 | D        | Bought 3 potions of experience for 900 gold pieces
   454 | D        | Reached skill level 5 in Fighting
   454 | D        | Reached skill level 10 in Spellcasting
   454 | D        | Reached XP level 9. HP: 55/55 MP: 19/23
   455 | D        | Reached skill level 5 in Conjurations
   455 | D        | Reached XP level 10. HP: 64/64 MP: 20/24
   456 | D        | Reached XP level 11. HP: 72/72 MP: 20/26
   476 | D        | Round 4.
   559 | D        | Bought a faintly glowing lapis lazuli ring for 45 gold
                  | pieces
   559 | D        | Identified the ring "Qioba" {Drain +Blink rC+ rN+++} (You
                  | bought it in a shop in the Dungeon)
   559 | D        | Bought a fine ruby amulet for 45 gold pieces
   559 | D        | Identified the amulet "Paafofirch" {Reflect rC++ Slay+5
                  | SH+5} (You bought it in a shop in the Dungeon)
   559 | D        | Bought a crude ivory ring for 45 gold pieces
   559 | D        | Identified the ring "Liroruts" {Drain rElec Str+6 Dex+2
                  | SInv} (You bought it in a shop in the Dungeon)
   559 | D        | Bought a heavily runed amethyst amulet for 45 gold pieces
   559 | D        | Identified the amulet "Emuas" {RegenMP Stlth+} (You bought
                  | it in a shop in the Dungeon)
   612 | D        | Arena points: 298 (+160) [x5]
   644 | D        | Bought a book of Power for 294 gold pieces
   644 | D        | Bought a book of the Earth for 350 gold pieces
   674 | D        | Round 5.
   683 | D        | Noticed a naga warlord
   695 | D        | Killed a naga warlord
   695 | D        | Arena points: 578 (+280) [x7]
   696 | D        | Reached skill level 10 in Fighting
   696 | D        | Reached skill level 18 in Earth Magic
   698 | D        | Got a serpentine rune of Zot
   707 | D        | Reached XP level 12. HP: 68/77 MP: 24/28
   736 | D        | Bought a distressingly furry robe for 199 gold pieces
   736 | D        | Identified the +0 robe of the Vacuum {rF+ Int+4} (You
                  | bought it in a shop in the Dungeon)
   758 | D        | Learned a level 6 spell: Leda's Unmaking
   872 | D        | Round 6.
   874 | D        | Noticed a ghoul
   885 | D        | Killed a ghoul
   896 | D        | Reached skill level 19 in Earth Magic
   939 | D        | Arena points: 1010 (+432) [x8]
   998 | D        | Round 7.
  1031 | D        | Arena points: 1577 (+567) [x9]
  1069 | D        | Round 8.
  1075 | D        | Reached skill level 20 in Earth Magic
  1076 | D        | Noticed a demonic crawler
  1089 | D        | Killed a demonic crawler
  1091 | D        | HP: 3/78 [disintegration (30)]
  1093 | D        | Blown up by a sun moth

Illustrated notes

Levels and vault maps discovered:
D:        arena_sprint

Skill      XL: |  1  2  3  4  5  6  7  8  9 10 11 12 |
---------------+-------------------------------------+-----
Earth Magic    | 8 14 16 17 18 20 | 20.5
Spellcasting   | 4 7 9 10 11 12 14 | 14.8
Evocations     | 2 3 |  3.7
Fighting       | 5 8 9 10 | 10.4
Conjurations   | 3 5 6 7 9 |  9.6
Dodging        | 2 |  2.7
Stealth        | |  2.1
Transmutations | |  0.7

Action                     |  1- 3 |  4- 6 |  7- 9 | 10-12 || total
---------------------------+-------+-------+-------+-------++-------
  Melee: Whip              |       |       |       |     2 ||     2
   Cast: Sandblast         |     2 |     3 |    17 |     8 ||    30
         Stone Arrow       |       |       |     8 |    32 ||    40
         Leda's Unmaking   |       |       |       |    17 ||    17
  Evoke: Wand              |     2 |     4 |       |     5 ||    11
    Use: Potion            |       |     1 |     2 |     8 ||    11
         Scroll            |       |     1 |       |     2 ||     3
 Armour: Robe              |       |       |     3 |     3 ||     6
  Dodge: Dodged            |     1 |       |     2 |    12 ||    15

Table legend: (Time is in decaauts)
 A = Elapsed time spent in this place.
 B = Non-inter-level travel time spent in this place.
 C = Inter-level travel time spent in this place.
 D = Time resting spent in this place.
 E = Time spent auto-exploring this place.
 F = Levels seen in this place.
 G = Mean time per level.
                   A        B        C        D        E       F      G
               +--------+--------+--------+--------+--------+-----+--------+
         Total |   1117 |   1117 |      0 |    276 |     58 |   1 | 1117.0 |
       Dungeon |   1117 |   1117 |      0 |    276 |     58 |   1 | 1117.0 |
               +--------+--------+--------+--------+--------+-----+--------+

Top non-repeatable levels by time:
       D: 1117 daAuts
